 BcadrenCrawl: Boulder Brew version 0.04.2-17-g662d9223eb (webtiles) character file.

Game seed: 17676671128756587944, levelgen mode: deterministic

72444 diana the Swashbuckler (level 15, -4/103 HPs) Kobold Gladiator. Began on May 17, 2021. Was the Champion of Okawaru. Slain by a catoblepas (13 damage) ... on level 6 of the Lair of Beasts. The game lasted 00:47:03 (14172 turns).

diana the Swashbuckler (Kobold Gladiator)          Turns: 14172, Time: 00:47:04

Health: -4/103     AC: 21    Str: 17    XL:     15 ^: 4882
Magic:  0/20       EV: 30    Int:  9    God:    Okawaru [6* [200]]
Gold:   1177       SH:  0    Dex: 23    Spells: 14/14 levels left

rFire    . . .     Vision   +   G - +0 hand crossbow
rCold    + . .     Gourm    .   K - +2 rapier (protect)
rNeg     + . .     Faith    .   W - +2 leather armour "Elar" {rC+ rN+}
rPois    .         Spirit   +   H - +0 hat {+Vis}
rElec    +         Reflect  .   E - +1 cloak
rCorr    .         Harm     .   L - +3 pair of gloves {rElec+}
MR       .....                  c - +0 pair of boots
Stlth    ++........             F - amulet of guardian spirit
HPRegen  0.44/turn              j - ring of protection (curse) {(Curse: MR-)}
MPRegen  0.30/turn              q - ring of strength

@: studying Bows
A: small, carnivore
a: Heroism, Finesse, Renounce Religion


You were on level 6 of the Lair of Beasts.
You worshipped Okawaru.
Okawaru was exalted by your worship.
You were not hungry.

You visited 3 branches of the dungeon, and saw 13 of its levels.
You also visited: Ice Cave and Volcano.

You collected 1177 gold pieces.

Inventory:

Weapons
 G - a +0 hand crossbow (weapon)
 K - a +2 rapier of protection (weapon)
 R - a +0 rapier of protection
 Y - the +9 katar of Amohiys {pierce, rC+ rN+}
   (Okawaru gifted it to you on level 5 of the Lair of Beasts)

   It inflicts extra damage upon your enemies.
   It protects you from cold.
   It protects you from negative energy.
Armour
 c - a +0 pair of boots (worn)
 E - a +1 cloak (worn)
 H - a +0 hat of improved vision (worn)
 L - a +3 pair of gloves of insulation (worn)
 W - the +2 leather armour "Elar" (worn) {rC+ rN+}
   (You found it on level 5 of the Lair of Beasts)

   It protects you from cold.
   It protects you from negative energy.
Jewellery
 h - an uncursed ring of stealth
 j - a cursed ring of protection (left hand) {(Curse: MR-)}
 l - an uncursed ring of intelligence
 q - a ring of strength (right hand)
 v - an uncursed ring of protection from magic
 D - an uncursed ring of protection from magic
 F - an amulet of guardian spirit (around neck)
 I - an uncursed ring of wizardry
 M - a cursed ring of magical power {(Curse: *Drain)}
 V - an uncursed ring of resist corrosion
Wands
 d - a wand of ensnaring (10)
 s - a wand of disintegration (1)
 u - a wand of flame (48)
 x - a wand of scattershot (4)
 y - a wand of random effects (30)
 O - a wand of hasting (4)
 Q - a wand of iceblast (8)
 U - a wand of enslavement (1)
Scrolls
 e - 2 scrolls of amnesia
 k - 3 scrolls of summoning
 m - 5 scrolls of blinking
 o - 4 scrolls of enchantment
 p - 2 scrolls of holy word
 r - 2 scrolls of fog
 t - 2 scrolls of magic mapping
 C - 3 scrolls of teleportation
Potions
 a - 3 potions of might
 b - 2 potions of cure mutation
 i - a potion of ambrosia
 n - 3 potions of cancellation
 w - a potion of resistance
 z - a potion of magic
 A - a potion of invisibility
 B - 2 potions of brilliance
 J - 3 potions of heal wounds
 P - 3 potions of curing
 S - 3 potions of haste
 T - 5 potions of berserk rage
 X - 3 potions of beneficial mutation
Miscellaneous
 g - a phial of floods
Comestibles
 f - 55 rations


   Skills:
 - Level 15.0 Fighting
 * Level 15.4 Short Blades
 + Level 11.1 Crossbows
 + Level 6.2 Armour
 - Level 15.0 Dodging
 + Level 6.9 Invocations
 - Level 5.0 Evocations


You had 14 spell levels left.
You didn't know any spells.
Your spell library contained the following spells:

 Spells                   Type           Power        Failure   Level  Hunger
 Confusing Touch          Hex            0 (50)       41%         1    ##.....
 Confuse                  Hex            0 (100)      78%         3    ####...
 Gell's Gravitas          Tloc           0 (200)      78%         3    ####...
 Petrify                  Tmut/Erth      0 (100)      99%         4    #####..
 Yara's Violent Unravell  Hex/Tmut       0 (200)      100%        5    ######.


Dungeon Overview and Level Annotations

Branches:
Dungeon (6/8)              Temple (1/1) D:4            Lair (6/6) D:5
 Shoals (0/4) Lair:4        Snake (0/4) Lair:2        Slime (0/5) Lair:6
    Orc (0/2) D:6           IceCv (visited)         Volcano (visited)

Altars:
Ashenzari
Cheibriados
Dithmenos
Elyvilon
Fedhas Madash
Gozag Ym Sagoz
Hepliaklqana
Kikubaaqudgha
Nemelex Xobeh
Okawaru
Qazlal
Ru
Sif Muna
Trog
Uskayaw
Vehumet
Wu Jian
Xom
Yredelemnul
Zin
The Shining One
Jiyva

Shops:
D:2 !   D:3 [

Portals:
Trove: D:6 (give +5 demon blade)

Annotations:
D:4 exclusions: obsidian statue and orange crystal statue


Innate Abilities, Weirdness & Mutations

You are small and have problems with some larger weapons.
You are carnivorous and can eat meat at any time.


Message History

You feel much better.
The catoblepas completely misses you (0).
You puncture the catoblepas (10)!
The catoblepas is severely wounded. (19/75) HP You hit the catoblepas but do no damage.
The catoblepas is severely wounded. (19/75) HP The catoblepas gores you (11)!
* * * LOW HITPOINT WARNING * * *
You hit the catoblepas but do no damage.
The catoblepas is severely wounded. (20/75) HP You hit the catoblepas (2).
The catoblepas is severely wounded. (18/75) HP The catoblepas gores you (16)!
* * * LOW HITPOINT WARNING * * *
Okay, then.
As you read the scroll of fear, it crumbles to dust.
You assume a fearsome visage.
The catoblepas resists with some effort.
The catoblepas gores you (13)!
You die...

.8....#
#######...#######....
...8.### ###.###...#
#.P.b.. .8.†.†.#
##.....##..# #......
...##..## ###P..#......##
#......
.†####††###....P##......#
#...... Y##
##.†......####....##
#.....P ..# ##...###.#
###.## #...... .## #...##
#..## ### #...... .#
##.†P# ##.@### #...... ##
###††## ##Y†.##PP#
..##.## # ##...##
###.†..†.# # ###..###
###...##....# # #....##
##...### ...## #
#.....###P..## ."# #
#......#...## ### .
##P.......## ##.P##.###


You could see a catoblepas.

Vanquished Creatures
  Gastronok (D:5)
  A frost giant (IceCv)
  A chaos butterfly (Lair:6)
  A mummy priest (Lair:2)
  5 boulder beetles
  A death knight (D:6)
  A catoblepas (Lair:6)
  6 swooping magpies
  4 hydras
  2 lindwurms (Volcano)
  A faun (Lair:3)
  2 torpor snails
  A deep elf mage (D:6)
  9 giraffes
  7 death yaks
  2 manticores
  A mana viper (Lair:6)
  6 black mambas
  An ice statue (IceCv)
  4 molten gargoyles (Volcano)
  Maurice (D:4)
  Maggie (D:5)
  10 spiny frogs
  A troll (D:4)
  8 elephants
  3 efreet (Volcano)
  2 kobold demonologists
  A wolf spider (Lair:1)
  5 rime drakes
  15 komodo dragons
  16 polar bears (IceCv)
  A hornet (D:5)
  2 wraiths (D:6)
  2 giraffe zombies (Lair:2)
  20 blink frogs
  7 hippogriffs
  A cyclops (D:6)
  A hydra zombie (Lair:2)
  A steam dragon (D:6)
  2 wyverns
  47 yaks
  2 basilisks
  3 fire elementals (Volcano)
  A hungry ghost (D:6)
  2 nagas (Lair:2)
  2 redbacks (Lair:1)
  7 guardian mummies
  14 water moccasins
  3 orc warriors
  A phantom (D:2)
  2 earth elementals (Volcano)
  5 scorpions
  9 porcupines
  2 ice beasts
  2 sky beasts (D:5)
  4 ogres
  An elephant zombie (Lair:2)
  50 wolves
  13 crocodiles
  A komodo dragon zombie (Lair:2)
  A swooping magpie zombie (Lair:2)
  4 big kobolds
  13 bullfrogs
  A meliai zombie (D:6)
  5 centaurs
  A howler monkey (D:3)
  6 killer bees (D:5)
  5 wights (D:5)
  A blink frog zombie (Lair:2)
  7 electric eels
  A crimson imp (D:3)
  A hornet zombie (D:6)
  A rime drake zombie (Lair:2)
  6 orc priests
  7 hounds
  6 jellies
  2 water moccasin zombies (Lair:2)
  An iguana (D:5)
  7 orc wizards
  4 crocodile zombies (Lair:2)
  4 worker ants
  10 giant cockroaches
  4 bullfrog zombies
  A bullfrog skeleton (D:3)
  11 adders
  31 sewer rats (D:2)
  12 white imps (Lair:5)
  16 cinder newts
  5 worms
  6 oozes
  5 leopard geckos
  17 orcs
  3 adder skeletons (D:2)
  6 ball pythons
  A cinder newt skeleton (D:2)
  3 goblins (D:1)
  3 hobgoblins (D:1)
  6 quokkas
  A ball python skeleton (D:2)
  3 bats (D:1)
  A bat skeleton (D:2)
  16 kobolds
  8 rats
  A rat skeleton (D:2)
  3 butterflies
  3 fire vortices (Volcano)
  A fungus (Lair:6)
  3 plants
  A withered plant (D:2)
593 creatures vanquished.

Vanquished Creatures (collateral kills)
  An ogre (D:4)
1 creature vanquished.

Vanquished Creatures (others)
  A giant cockroach (D:2)
  6 sewer rats (D:2)
  5 kobolds (D:2)
  A leopard gecko skeleton (D:2)
  An orc skeleton (D:2)
  A rat (D:2)
  19 bushes
  A fire vortex (Volcano)
  4 fungi
  8 giant blowflies
  11 plants
  4 slimeheads (D:2)
  73 withered plants (D:2)
135 creatures vanquished.

Grand Total: 729 creatures vanquished

Notes
Turn   | Place    | Note
-------+----------+-------------------------------------------
     0 | D:1      | diana the Kobold Gladiator began the quest for the Orb.
     0 | D:1      | Reached XP level 1. HP: 12/12 MP: 2/2
    50 | D:1      | Reached XP level 2. HP: 18/18 MP: 3/3
    80 | D:1      | Reached XP level 3. HP: 20/22 MP: 4/4
   180 | D:1      | Reached skill level 1 in Armour
   266 | D:1      | Reached XP level 4. HP: 27/27 MP: 5/5
   654 | D:1      | Reached XP level 5. HP: 32/32 MP: 6/6
   703 | D:2      | Reached skill level 5 in Short Blades
   709 | D:2      | Found a shadowy altar of Dithmenos.
   755 | D:2      | Reached XP level 6. HP: 30/37 MP: 7/7
   771 | D:2      | Found Yfaur's Distillery.
   857 | D:2      | Reached skill level 5 in Dodging
   955 | D:2      | Found a glowing golden altar of the Shining One.
   969 | D:2      | Reached XP level 7. HP: 35/42 MP: 8/8
  1152 | D:2      | Found a faded altar of an unknown god.
  1623 | D:2      | Reached XP level 8. HP: 48/48 MP: 9/9
  1893 | D:2      | Reached skill level 5 in Fighting
  2032 | D:2      | Found a blossoming altar of Fedhas.
  2491 | D:3      | Found a radiant altar of Vehumet.
  2491 | D:3      | Found a bloodstained altar of Trog.
  2491 | D:3      | Found a white marble altar of Elyvilon.
  2564 | D:2      | Reached XP level 9. HP: 22/54 MP: 10/10
  2808 | D:3      | Found a hazy altar of Hepliaklqana.
  2970 | D:3      | Found Niojijel's Armour Emporium.
  3338 | D:4      | Noticed an orange crystal statue
  3339 | D:4      | Identified the cursed +1 leather armour "Nutzoas" {-Vis rC+
                  | rCorr Int+7, (Curse: *Drain)}
  3357 | D:4      | Found a staircase to the Ecumenical Temple.
  3366 | Temple   | Entered the Ecumenical Temple
  3374 | Temple   | Became a worshipper of Warmaster Okawaru
  3431 | D:4      | Found an ornate altar of the Wu Jian Council.
  3496 | D:4      | Found a shimmering blue altar of Sif Muna.
  3564 | D:4      | Reached skill level 10 in Short Blades
  3642 | D:4      | Identified the cursed amulet "Xaujoit" {rPois Regen+ Str-4
                  | Stlth+, (Curse: Fragile rF-)}
  3642 | D:4      | Noticed Maurice
  3660 | D:4      | Killed Maurice
  3660 | D:4      | Reached * piety under Okawaru
  3660 | D:4      | Received a gift from Okawaru
  3660 | D:4      | Reached XP level 10. HP: 49/61 MP: 10/12
  3851 | D:4      | Noticed an obsidian statue
  3999 | D:5      | Entered Level 5 of the Dungeon
  3999 | D:5      | Noticed Maggie
  4054 | D:5      | Killed Maggie
  4108 | D:5      | Reached skill level 5 in Armour
  4231 | D:5      | Reached ** piety under Okawaru
  4469 | D:5      | Noticed a soul eater
  4595 | D:5      | Reached *** piety under Okawaru
  4595 | D:5      | Reached skill level 5 in Evocations
  4732 | D:5      | Reached XP level 11. HP: 57/68 MP: 14/14
  4733 | D:5      | Found a staircase to the Lair.
  4769 | D:5      | HP: 2/69 [crocodile (14)]
  5041 | D:5      | Identified the cursed amulet of the Slug {Chaos rPois rF-
                  | rN++, (Curse: Fragile)}
  5053 | D:5      | Reached **** piety under Okawaru
  5085 | D:5      | Noticed Gastronok
  5115 | D:5      | Killed Gastronok
  5115 | D:5      | Identified the +6 shortbow of Spring {venom, -Vis rElec
                  | Int+5} (Okawaru gifted it to you on level 5 of the Dungeon)
  5115 | D:5      | Received a gift from Okawaru
  5115 | D:5      | Reached skill level 10 in Dodging
  5382 | D:5      | Found an ornate altar of the Wu Jian Council.
  5421 | D:5      | Reached skill level 1 in Crossbows
  5446 | D:5      | Reached ***** piety under Okawaru
  5525 | D:5      | Received a gift from Okawaru
  5791 | D:6      | Noticed a death knight
  5878 | D:6      | Noticed a deep elf mage
  5935 | D:6      | Killed a deep elf mage
  5935 | D:6      | Reached XP level 12. HP: 77/77 MP: 15/15
  5982 | D:6      | Found a portal to a secret trove of treasure.
  6089 | D:6      | Reached skill level 10 in Fighting
  6214 | D:6      | Killed a death knight
  6214 | D:6      | Received a gift from Okawaru
  6272 | D:6      | your +2 rapier of protection protects you from harm!
  6316 | D:6      | Found a staircase to the Orcish Mines.
  6324 | D:6      | Reached skill level 1 in Invocations
  6499 | Lair:1   | Entered Level 1 of the Lair of Beasts
  6574 | Lair:1   | your +2 rapier of protection protects you from harm!
  6581 | Lair:1   | Reached skill level 5 in Crossbows
  6637 | Lair:1   | Received a gift from Okawaru
  6746 | Lair:1   | Reached ****** piety under Okawaru
  6821 | Lair:1   | your +2 rapier of protection protects you from harm!
  7035 | Lair:1   | your +2 rapier of protection protects you from harm!
  7070 | Lair:1   | Noticed a boulder beetle
  7079 | Lair:1   | your +2 rapier of protection protects you from harm!
  7080 | Lair:1   | HP: 1/79 [boulder beetle (18)]
  7106 | Lair:1   | Reached XP level 13. HP: 20/84 MP: 3/16
  7357 | Lair:1   | your +2 rapier of protection protects you from harm!
  7525 | Lair:1   | Identified the +5 staff of Thoughtfulness {warp, fire; +Inv
                  | rF+}
  7568 | Lair:1   | Received a gift from Okawaru
  7942 | Lair:2   | Found a staircase to the Snake Pit.
  7955 | Lair:2   | Reached skill level 5 in Invocations
  8764 | Lair:2   | Found a runed translucent door.
  8765 | Lair:2   | Noticed a mummy priest
  8789 | Lair:2   | Killed a mummy priest
  8908 | Lair:2   | your +2 rapier of protection protects you from harm!
  8909 | Lair:2   | your +0 rapier of protection protects you from harm!
  9129 | Lair:2   | your +2 rapier of protection protects you from harm!
  9382 | Lair:3   | your +0 rapier of protection protects you from harm!
  9403 | Lair:3   | Received a gift from Okawaru
  9447 | Lair:2   | Reached XP level 14. HP: 22/92 MP: 9/17
  9551 | Lair:2   | your +0 rapier of protection protects you from harm!
  9562 | Lair:3   | Found a dark tunnel.
  9571 | Volcano  | Entered a volcano
 10117 | Volcano  | your +0 rapier of protection protects you from harm!
 10144 | Volcano  | your +0 rapier of protection protects you from harm!
 10158 | Volcano  | Reached skill level 10 in Crossbows
 10764 | Lair:3   | Found a glowing golden altar of the Shining One.
 11094 | Lair:4   | your +0 rapier of protection protects you from harm!
 11170 | Lair:4   | Identified the cursed +6 scimitar of Big Damage {slice,
                  | +Inv rElec Int+2 Dex+3, (Curse: *Drain)}
 11202 | Lair:4   | Found a staircase to the Shoals.
 11211 | Lair:4   | Received a gift from Okawaru
 11594 | Lair:4   | Found a shadowy altar of Dithmenos.
 11725 | Lair:5   | Identified the +2 leather armour "Elar" {rC+ rN+}
 11771 | Lair:5   | Found a frozen archway.
 11783 | IceCv    | Entered an ice cave
 11807 | IceCv    | Reached skill level 15 in Dodging
 11937 | IceCv    | Received a gift from Okawaru
 11973 | IceCv    | Noticed a frost giant
 11991 | IceCv    | Killed a frost giant
 11995 | IceCv    | Reached XP level 15. HP: 49/101 MP: 8/18
 12451 | Lair:5   | Reached skill level 15 in Fighting
 12509 | Lair:5   | Identified the +9 katar of Amohiys {pierce, rC+ rN+}
                  | (Okawaru gifted it to you on level 5 of the Lair of Beasts)
 12509 | Lair:5   | Received a gift from Okawaru
 12511 | Lair:5   | your +0 rapier of protection protects you from harm!
 13002 | Lair:5   | Found an iron altar of Okawaru.
 13319 | Lair:6   | Entered Level 6 of the Lair of Beasts
 13435 | Lair:6   | your +0 rapier of protection protects you from harm!
 13441 | Lair:6   | Received a gift from Okawaru
 13548 | Lair:6   | Found a staircase to the Slime Pits.
 13548 | Lair:6   | Found a viscous altar of Jiyva.
 13609 | Lair:6   | Reached skill level 15 in Short Blades
 14090 | Lair:6   | your +0 rapier of protection protects you from harm!
 14106 | Lair:6   | your +0 rapier of protection protects you from harm!
 14108 | Lair:6   | your +2 rapier of protection protects you from harm!
 14120 | Lair:6   | your +0 rapier of protection protects you from harm!
 14120 | Lair:6   | your +2 rapier of protection protects you from harm!
 14172 | Lair:6   | Slain by a catoblepas

Levels and vault maps discovered:
D:1:      wheals_arrival_shading, layout_loops_ring
D:2:      layout_sewer, tso_metal_star, grunt_dithmenos_smoke_and_mirrors,
          fedhas_bush_and_centaur_altar, first_ration,
          chequers_ecumenical_altar_twisty, serial_shops, shop,
          minmay_pentomino_o4
D:3:      layout_cave_pools, chequers_temple_overflow_statue_of_worship,
          bcadren_lemuel_inverted_doored_altar, serial_shops,
          kennysheep_little_box, st_stairs_1
D:4:      minmay_separated_statues, layout_irregular_city, old_standard_altar,
          lemuel_coloured_pillars_altar, minmay_temple_entry_arrows,
          uniq_maurice
D:5:      layout_roguey, david_lair_generic, basic_altar,
          bcadren_nooodl_food_pyramid, uniq_maggie, uniq_gastronok
D:6:      layout_cross, orc_0_dummy, nicolae_trove_entry_diagonal
Temple:   nicolae_temple_no_exploring_needed
Lair:1:   layout_concentric_octagons, chequers_ossuary_entry_cave,
          lemuel_fruit_fields
Lair:2:   ossuary_the_hunt_dpeg, layout_cave_shapes,
          guppyfry_snake_entry_island, lemuel_old_faithful, serial_bayou_shore_a
Lair:3:   layout_hall_layers, nicolae_volcano_entry_two_sided, basic_altar,
          grunt_forest_large_clearings, lemuel_fruit_tree,
          infiniplex_staircase_pool
Lair:4:   layout_roguey, minmay_shoals_entry_beasts, basic_altar,
          grunt_megastairs_1
Lair:5:   layout_cave_pods, basic_altar, portal_ice_cave_entry_imps,
          grunt_forest_small_clearings, serial_bayou_pond_c,
          chequers_serial_rivers_micro_d
Lair:6:   evilmike_catoblepas_cave, layout_gridlike, slime_altar_1,
          eino_small_chamber_without_monster, lemuel_fruit_fields

Skill      XL: |  1  2  3  4  5  6  7  8  9 10 11 12 13 14 15 |
---------------+----------------------------------------------+-----
Short Blades   | 4 5 6 7 8 10 11 12 13 14 15 | 15.4
Dodging        | 4 5 6 7 9 11 12 13 15 | 15.0
Armour         | 1 2 3 4 5 6 |  6.2
Fighting       | 3 4 5 6 8 9 10 12 14 15 | 15.0
Evocations     | 3 5 |  5.0
Crossbows      | 3 6 9 10 11 | 11.1
Invocations    | 4 5 6 |  6.9

Action                   |  1- 3 |  4- 6 |  7- 9 | 10-12 | 13-15 || total
-------------------------+-------+-------+-------+-------+-------++-------
Melee: Rapier            |    22 |    89 |   308 |   257 |   544 ||  1220
       Unarmed           |     7 |    52 |   218 |   130 |       ||   407
       Dagger            |       |       |       |   266 |    89 ||   355
       Short sword       |       |       |       |    91 |       ||    91
       Cleaver           |       |       |       |       |    16 ||    16
 Fire: Hand crossbow     |       |       |       |   101 |   584 ||   685
Invok: Heroism           |       |       |       |     7 |     7 ||    14
       Finesse           |       |       |       |       |     1 ||     1
Evoke: Phial of floods   |       |       |     1 |       |       ||     1
       Wand              |       |       |       |     2 |       ||     2
  Use: Potion            |       |       |       |     4 |     2 ||     6
       Scroll            |       |       |       |     3 |     4 ||     7
 Stab: Distracted        |     1 |       |     2 |       |     2 ||     5
       Sleeping          |     1 |     2 |     4 |     5 |       ||    12
  Eat: Chunk             |       |       |    10 |    14 |    20 ||    44
       Ration            |       |       |       |       |     1 ||     1
Armor: Leather armour    |     3 |    11 |    49 |       |    52 ||   115
       Steam dragon scal |       |       |       |    76 |   103 ||   179
Dodge: Dodged            |    15 |    83 |   294 |   424 |   692 ||  1508
